 Dungeon Crawl Stone Soup version 0.31-a0-536-ga3e2962e35 (webtiles) character file.

Game seed: 11624303336295268676

645 Ethylacetat the Sneak (level 7, -4/48 HPs)
             Began as an Octopode Gladiator on Aug 12, 2023.
             Slain by an iron imp (12 damage)
             ... summoned by Eustachio
             ... on level 5 of the Dungeon.
             The game lasted 00:04:16 (2882 turns).

Ethylacetat the Sneak (Octopode Gladiator)          Turns: 2882, Time: 00:04:18

Health: -4/48      AC:  1    Str: 13    XL:     7   Next: 52%
Magic:  7/7        EV: 16    Int: 10    God:
Gold:   171        SH:  0    Dex: 22    Spells: 6/6 levels left

rFire   + . .        t - +7 rapier "Wymitus" {elec, rF+ rCorr}
rCold   . . .        (no shield)
rNeg    . . .        b - +0 hat
rPois   .            (no amulet)
rElec   .            f - +6 ring of dexterity
rCorr   +            (no ring)
SInv    .            (no ring)
Will    .....        (no ring)
Stlth   ++++         (no ring)
HPRegen 0.28/turn    (no ring)
MPRegen 0.10/turn    (no ring)
                     (no ring)

%: no passive effects
@: no status effects
A: almost no armour, amphibious, 8 rings, camouflage 1, gelatinous body 1,
(nimble swimmer 1), tentacles
a: no special abilities


You were on level 5 of the Dungeon.
You visited 1 branch of the dungeon, and saw 5 of its levels.

You collected 171 gold pieces.

Inventory:

Hand Weapons
 a - a +0 long sword
 m - a +1 dagger of venom
 t - the +7 rapier "Wymitus" (weapon) {elec, rF+ rCorr}
   (You found it on level 4 of the Dungeon)

   rF+:       It protects you from fire.
   rCorr:     It protects you from acid and corrosion.
Missiles
 c - 2 throwing nets (quivered)
 d - a javelin
Armour
 b - a +0 hat (worn)
Jewellery
 f - a +6 ring of dexterity (left tentacle)
Wands
 e - a wand of digging (2)
Scrolls
 h - a scroll of fog {unknown}
 i - a scroll of blinking {unknown}
 j - a scroll of fear {unknown}
 l - 2 scrolls of teleportation {unknown}
 o - a scroll of enchant weapon {unknown}
 p - a scroll of poison {unknown}
 q - 2 scrolls of vulnerability {unknown}
 r - 4 scrolls of identify {unknown}
Potions
 g - a potion of cancellation {unknown}
 k - a potion of heal wounds {unknown}
 n - a potion of attraction {unknown}
 s - a potion of might {unknown}
 u - a potion of curing


   Skills:
 + Level 4.2 Fighting
 + Level 4.9 Long Blades
 - Level 2.0 Throwing
 + Level 4.9 Dodging
 + Level 5.5 Stealth


You had 6 spell levels left.
You didn't know any spells.
Your spell library contained the following spells:

 Spells                   Type           Power      Damage    Failure   Level
 Cigotuvi's Dreadful Rot  Necr/Pois/Air  0%         N/A       50%         2
 Ignite Poison            Fire/Tmut/Pois 0%         N/A       75%         3
 Freezing Cloud           Conj/Ice/Air   0%         6-21      100%        5


Dungeon Overview and Level Annotations

Branches:
Dungeon (5/15)
 Temple: D:4-7

Altars:

Annotations:
D:5 Eustachio


Innate Abilities, Weirdness & Mutations

You cannot wear most types of armour.
You are amphibious.
You can wear up to eight rings at the same time.
Your skin changes colour to match your surroundings (Stealth+).
Your rubbery body absorbs attacks. (AC +1, EV +1)
((You are camouflaged when in or above water. (Stealth+)))
You have tentacles for arms and can constrict up to eight enemies at once.


Message History

You kill the black bear!
You puncture the kobold zombie!
You destroy the kobold zombie!
Eustachio casts a spell.
Eustachio blinks!
You see here a black bear corpse.
You see here a black bear corpse.
There is a stone staircase leading up here.
You start resting.
Eustachio is nearby!
You see here a black bear corpse.
Eustachio gestures wildly while chanting.
Eustachio blinks!
You see here a black bear corpse.
There is a stone staircase leading up here.
Eustachio is nearby!
Eustachio gestures wildly while chanting.
Eustachio casts a spell.
Eustachio blinks!
You closely miss Eustachio. You grab Eustachio.
You constrict Eustachio, but do no damage.
Eustachio hits you with a +0 rapier! Eustachio misses you.
You hit Eustachio. Your squeeze misses Eustachio.
Eustachio is lightly wounded.
You constrict Eustachio. The ufetubus closely misses you.
The ufetubus barely misses you. Eustachio hits you with a +0 rapier.
You hit Eustachio.
Eustachio is moderately wounded.
You constrict Eustachio. The ufetubus barely misses you.
The ufetubus misses you. Eustachio hits you with a +0 rapier.
You hit Eustachio but do no damage. Lightning courses through Eustachio!
Eustachio is heavily wounded.
You constrict Eustachio. Eustachio misses you.
You puncture Eustachio!
You squeeze Eustachio, but do no damage.
Eustachio is severely wounded.
You constrict Eustachio. Eustachio hits you with a +0 rapier!
* * * LOW HITPOINT WARNING * * *
The iron imp hits you!
You die...

######..##.
#..........
#..........
#..........
#...$......
+..........
####..........
#.55.#'######.
#@@#.#.#
####.#.# ..#.#
###.# .# ##


You could see Eustachio, an iron imp (summoned) and an ufetubus (summoned).

Vanquished Creatures
  A black bear (D:5)
  2 ogres
  A scorpion (D:4)
  Jessica (D:2)
  2 iguanas
  3 orc wizards (D:4)
  8 adders
  3 worms
  4 dart slugs
  9 orcs
  6 endoplasms
  3 giant cockroaches
  6 goblins
  5 hobgoblins
  7 jackals
  5 quokkas
  8 ball pythons
  5 bats
  4 frilled lizards (D:3)
  2 kobolds
  A kobold zombie (D:5)
  2 rats (D:2)
88 creatures vanquished.

Notes
Turn   | Place    | Note
-------+----------+-------------------------------------------
     0 | D:1      | Ethylacetat the Octopode Gladiator began the quest for the
                  | Orb.
     0 | D:1      | Reached XP level 1. HP: 14/14 MP: 1/1
   134 | D:1      | Reached skill level 1 in Stealth
   134 | D:1      | Reached XP level 2. HP: 14/19 MP: 2/2
   734 | D:2      | Reached XP level 3. HP: 25/25 MP: 3/3
   842 | D:2      | Reached skill level 2 in Stealth
  1079 | D:2      | Noticed Jessica
  1084 | D:2      | Killed Jessica
  1085 | D:2      | Reached XP level 4. HP: 30/30 MP: 4/4
  1163 | D:2      | Reached skill level 3 in Stealth
  1447 | D:3      | Reached XP level 5. HP: 35/36 MP: 5/5
  1475 | D:3      | Noticed an ogre
  1487 | D:3      | Killed an ogre
  2017 | D:4      | Reached skill level 4 in Stealth
  2017 | D:4      | Reached XP level 6. HP: 42/42 MP: 6/6
  2226 | D:4      | HP: 2/42 [something/puff of flame (4)]
  2406 | D:4      | Identified the +7 rapier "Wymitus" {elec, rF+ rCorr}
  2461 | D:4      | Reached skill level 5 in Stealth
  2461 | D:4      | Reached XP level 7. HP: 16/48 MP: 7/7
  2837 | D:5      | Entered Level 5 of the Dungeon
  2839 | D:5      | Noticed Eustachio
  2882 | D:5      | Slain by an iron imp

Illustrated notes

Levels and vault maps discovered:
D:1:      minmay_arrival_wavy_path, layout_basic
D:2:      layout_loops_ring, uniq_jessica
D:3:      layout_rooms, hangedman_decor_clover_reticule,
          kennysheep_generic_room_8
D:4:      layout_rooms, serial_bayou_lagoon_b
D:5:      layout_basic, kennysheep_mini_moat, mainiacjoe_overflow_boulevard,
          grunt_temple_overflow_lords_of_destruction,
          nicolae_tso_besieged_by_evil, trog_ov_bears_minmay, uniq_eustachio,
          uniq_crazy_yiuf_cottage

Skill      XL: |  1  2  3  4  5  6 |
---------------+-------------------+-----
Stealth        | 1 2 3 4 5 |  5.5
Fighting       | 3 4 |  4.2
Long Blades    | 4 |  4.9
Dodging        | 4 |  4.9
Throwing       | |  2.0

Action                     |  1- 3 |  4- 6 |  7- 9 || total
---------------------------+-------+-------+-------++-------
  Melee: Long sword        |    48 |    20 |       ||    68
         Constrict         |    11 |    28 |     7 ||    46
         Tentacles         |     6 |    19 |     4 ||    29
         Dagger            |       |    86 |       ||    86
         Rapier            |       |     7 |    23 ||    30
         Punch             |       |     1 |       ||     1
  Throw: Throwing net      |       |     1 |       ||     1
    Use: Potion            |       |     2 |       ||     2
   Stab: Sleeping          |     9 |    15 |     1 ||    25
 Armour: Skin              |     7 |     7 |       ||    14
  Dodge: Dodged            |    32 |    63 |    24 ||   119

Table legend: (Time is in decaauts)
 A = Elapsed time spent in this place.
 B = Non-inter-level travel time spent in this place.
 C = Inter-level travel time spent in this place.
 D = Time resting spent in this place.
 E = Time spent auto-exploring this place.
 F = Levels seen in this place.
 G = Mean time per level.
                   A        B        C        D        E       F      G
               +--------+--------+--------+--------+--------+-----+--------+
         Total |   2885 |   2768 |    117 |      4 |   2227 |   5 |  577.0 |
       Dungeon |   2885 |   2768 |    117 |      4 |   2227 |   5 |  577.0 |
               +--------+--------+--------+--------+--------+-----+--------+

Top non-repeatable levels by time:
     D:4: 832 daAuts
     D:2: 761 daAuts
     D:1: 646 daAuts
     D:3: 598 daAuts
     D:5: 45 daAuts
